 Dungeon Crawl Stone Soup version 0.23.0 (console) character file.

Game seed: 13905044940106274633

11 erker the Stinger (level 2, 0/20 HPs)
             Began as a Ghoul Venom Mage on Feb 8, 2019.
             Slain by a kobold
             ... wielding a +0 dagger
              (2 damage)
             ... on level 1 of the Dungeon.
             The game lasted 00:02:19 (189 turns).

erker the Stinger (Ghoul Venom Mage)                 Turns: 189, Time: 00:02:20

Health: 0/20       AC:  2    Str: 11    XL:     2   Next: 25%
Magic:  0/3        EV: 12    Int: 10    God:
Gold:   14         SH:  0    Dex:  9    Spells: 3/4 levels left

rFire    + . .     SeeInvis .   (no weapon)
rCold    + + .     Gourm    .   (no shield)
rNeg     + + +     Faith    .   a - +0 robe
rPois    ∞         Spirit   .   (no helmet)
rElec    +         Reflect  .   (no cloak)
rCorr    +         Harm     .   (no gloves)
MR       .....                  (no boots)
Stlth    ++........             (no amulet)
HPRegen  0.00/turn              (no ring)
MPRegen  0.08/turn              (no ring)

@: resistant, very slightly contaminated, rotting
A: rotting body, claws 1, carnivore, cold resistance 1, negative energy
resistance 3, inhibited regeneration, torment resistance, unbreathing
a: no special abilities


You were on level 1 of the Dungeon.
You were not hungry.

You visited 1 branch of the dungeon, and saw 1 of its levels.

You collected 14 gold pieces.

Inventory:

Armour
 a - a +0 robe (worn)
Comestibles
 c - a ration


   Skills:
 + Level 2.0 Dodging
 + Level 2.1 Stealth
 + Level 1.9 Spellcasting
 + Level 0.7 Conjurations
 + Level 3.4 Poison Magic


You had 3 spell levels left.
You knew the following spells:

 Your Spells              Type           Power        Failure   Level  Hunger
a - Sting                 Conj/Pois      #...         14%         1    ##.....

Your spell library contained the following spells:

 Spells                   Type           Power        Failure   Level  Hunger
 Poisonous Vapours        Pois/Air       #.....       24%         2    ###....
 Mephitic Cloud           Conj/Pois/Air  #.......     47%         3    ####...
 Olgreb's Toxic Radiance  Pois           #.......     61%         4    #####..
 Venom Bolt               Conj/Pois      #.........   98%         5    ######.


Dungeon Overview and Level Annotations

Branches:
Dungeon (1/15)

Altars:


Innate Abilities, Weirdness & Mutations

Your body is rotting away.
You thrive on raw meat.
You are immune to poison.
You have sharp fingernails.
You are carnivorous and can eat meat at any time.
Your flesh is cold resistant. (rC+)
You are immune to negative energy. (rN+++)
You do not regenerate when monsters are visible.
You are immune to unholy pain and torment.
You can survive without breathing.


Message History

You barely miss the kobold. The kobold closely misses you.
You barely miss the kobold. The kobold hits you but does no damage.
You barely miss the kobold. The kobold hits you but does no damage.
You scratch the kobold but do no damage.
The kobold closely misses you.
You scratch the kobold but do no damage.
The kobold hits you with a +0 dagger.
* * * LOW HITPOINT WARNING * * *
Casting: Sting (safe; 14% risk of failure)
Confirm with . or Enter, or press ? or * to list all spells.
Aiming: Sting (safe; 14% risk of failure)
Press: ? - help, Shift-Dir - straight line, f/p - kobold
Aim: a kobold, wielding a +0 dagger You miscast Sting.
You are very lightly contaminated with residual magic.
Nothing appears to happen.
The kobold hits you but does no damage.
You scratch the kobold but do no damage.
The kobold hits you but does no damage.
You barely miss the kobold. The kobold hits you with a +0 dagger.
You die...

#. ##.........
##.####..>..#.%##
##...........#....
.....#............ .
#.............
#.............
#.............
♣♣♣♣♣♣♣♣♣#.............
♣....K@<♣#÷..........(.
♣.PPPPP♣♣.........(....
♣.P≈≈≈P÷...g..g....?...
♣.P≈8≈P.♣#........#....
♣.P≈≈≈P)♣########....##


♣.PPPPP.♣ #...... ♣.......♣ #...... ♣♣♣♣♣♣♣♣♣ #...... #...### You could see a
kobold.

Vanquished Creatures
  A goblin (D:1)
  2 hobgoblins (D:1)
  2 jackals (D:1)
  A kobold (D:1)
  3 bats (D:1)
  A rat (D:1)
10 creatures vanquished.

Notes
Turn   | Place    | Note
-------+----------+-------------------------------------------
     0 | D:1      | erker the Ghoul Venom Mage began the quest for the Orb.
     0 | D:1      | Reached XP level 1. HP: 14/14 MP: 2/2
   148 | D:1      | Reached XP level 2. HP: 20/20 MP: 1/3
   189 | D:1      | Slain by a kobold

Skill      XL: |  1 |
---------------+----+-----
Dodging        | 2 |  2.0
Stealth        | |  2.1
Spellcasting   | |  1.9
Conjurations   | |  0.7
Poison Magic   | |  3.4

Action                   || total
-------------------------++-------
Melee: Unarmed           ||    44
 Cast: Sting             ||    10
  Use: Potion            ||     1
  Eat: Chunk             ||     7
Armor: Robe              ||     7
Dodge: Dodged            ||    35
